HS
GULFPORT HS ADMIRALS @ SHAWNEE HS SWAMP DOGS
03/19/2060
 
TOP OF THE 1ST
Gulfport HS Admirals batting - Pitching for Shawnee HS Swamp Dogs : LHP Dennis Berkley
Pitching: LHP Dennis Berkley
Batting: RHB Preston Reiley 0-0: Ball
1-0: Ball
2-0: Foul Ball, location: 2F
2-1: Swinging Strike
2-2: Strikes out looking
Batting: RHB Gregory Mays 0-0: Ground out 6-3 (Groundball, 6, EV 90.6 MPH)
Batting: RHB Skyler Gervais 0-0: Called Strike
0-1: Ball
1-1: Swinging Strike
1-2: Strikes out swinging, 2-3 out at first.
Top of the 1st over - 0 runs, 0 hits, 0 errors, 0 left on base; Gulfport HS 0 - Shawnee HS 0
BOTTOM OF THE 1ST
Shawnee HS Swamp Dogs batting - Pitching for Gulfport HS Admirals : RHP Billy Fatica
Pitching: RHP Billy Fatica
Batting: LHB Marcus Barnhill 0-0: Hit by Pitch
Batting: RHB Jared Elwell 0-0: Ball
Marcus Barnhill is caught stealing 2nd base 2-4
1-0: Called Strike
1-1: Ball
2-1: Swinging Strike
2-2: Fly out, F3 (Popup, 3SF, EV 71.2 MPH)
Batting: RHB Doug Hardy 0-0: Ball
1-0: Called Strike
1-1: Foul Ball, location: 2F
1-2: Foul Ball, location: 2F
1-2: Foul Ball, location: 2F
1-2: Foul Ball, location: 2F
1-2: Ground out 4-3 (Groundball, 34D, EV 91.9 MPH)
Bottom of the 1st over - 0 runs, 0 hits, 0 errors, 0 left on base; Gulfport HS 0 - Shawnee HS 0
TOP OF THE 2ND
Gulfport HS Admirals batting - Pitching for Shawnee HS Swamp Dogs : LHP Dennis Berkley
Batting: LHB James LeCuyer 0-0: Ball
1-0: Ball
2-0: Ball
3-0: Called Strike
3-1: Base on Balls
Batting: RHB Phil Wells 0-0: Called Strike
0-1: Foul Ball, location: 2F
0-2: Fielders Choice at 2nd, 4-6 (Groundball, 4, EV 80.6 MPH)
Batting: RHB Skylar Simon 0-0: Grounds into double play, 4-6-3 (Groundball, 4M, EV 86.2 MPH)
Top of the 2nd over - 0 runs, 0 hits, 0 errors, 0 left on base; Gulfport HS 0 - Shawnee HS 0
BOTTOM OF THE 2ND
Shawnee HS Swamp Dogs batting - Pitching for Gulfport HS Admirals : RHP Billy Fatica
Batting: RHB Conner Burson 0-0: Called Strike
0-1: Called Strike
0-2: Ball
1-2: Fly out, F8 (Flyball, 8RXD, EV 100.6 MPH)
Batting: RHB Nathaniel James 0-0: Called Strike
0-1: Called Strike
0-2: Ball
1-2: Fly out, F3 (Popup, 3S, EV 73.8 MPH)
Batting: LHB Erick Treadway 0-0: Foul Ball, location: 2F
0-1: Fly out, F8 (Line Drive, 8RM, EV 106.2 MPH)
Bottom of the 2nd over - 0 runs, 0 hits, 0 errors, 0 left on base; Gulfport HS 0 - Shawnee HS 0
TOP OF THE 3RD
Gulfport HS Admirals batting - Pitching for Shawnee HS Swamp Dogs : LHP Dennis Berkley
Batting: RHB Isaac Fayman 0-0: Ball
1-0: Called Strike
1-1: Ball
2-1: Ball
3-1: Foul Ball, location: 2F
3-2: Strikes out swinging
Batting: RHB Beck Wilson 0-0: Ball
1-0: Foul Ball, location: 2F
1-1: Called Strike
1-2: Ball
2-2: SOLO HOME RUN (Flyball, 78XD, EV 102.5 MPH), Distance : 405 ft
Batting: RHB Cade Tucker 0-0: Ball
1-0: Foul Ball, location: 2F
1-1: Ground out 6-3 (Groundball, 6, EV 83.8 MPH)
Batting: RHB Preston Reiley 0-0: Ball
1-0: Ball
2-0: Ball
3-0: Called Strike
3-1: Called Strike
3-2: Foul Ball, location: 2F
3-2: Foul Ball, location: 2F
3-2: Foul Ball, location: 2F
3-2: SINGLE (Groundball, 34D, EV 96.2 MPH)
Batting: RHB Gregory Mays Pickoff Throw to First - Out! 1-3
Top of the 3rd over - 1 run, 2 hits, 0 errors, 0 left on base; Gulfport HS 1 - Shawnee HS 0
BOTTOM OF THE 3RD
Shawnee HS Swamp Dogs batting - Pitching for Gulfport HS Admirals : RHP Billy Fatica
Batting: RHB Jeremy Tillman 0-0: Ball
1-0: Fly out, F3 (Popup, 34, EV 72.5 MPH)
Batting: RHB Jake Gage 0-0: Called Strike
0-1: Swinging Strike
0-2: Ball
1-2: Strikes out looking
Batting: RHB Clark Martin 0-0: Ball
1-0: Foul Ball, location: 2F
1-1: Ball
2-1: Ball
3-1: Fly out, F7 (Flyball, 78M, EV 90.0 MPH)
Bottom of the 3rd over - 0 runs, 0 hits, 0 errors, 0 left on base; Gulfport HS 1 - Shawnee HS 0
TOP OF THE 4TH
Gulfport HS Admirals batting - Pitching for Shawnee HS Swamp Dogs : LHP Dennis Berkley
Batting: RHB Gregory Mays 0-0: Called Strike
0-1: Fly out, F8 (Flyball, 8LXD, EV 103.1 MPH)
Batting: RHB Skyler Gervais 0-0: Ball
1-0: Fly out, F8 (Line Drive, 8RD, EV 108.1 MPH)
Batting: LHB James LeCuyer 0-0: Ball
1-0: Swinging Strike
1-1: Ball
2-1: Foul Ball, location: 2F
2-2: Ball
3-2: DOUBLE (Line Drive, 78D, EV 93.8 MPH)
Batting: RHB Phil Wells 0-0: Ball
1-0: Ball
2-0: Ball
3-0: Called Strike
3-1: Called Strike
3-2: Base on Balls
Batting: RHB Skylar Simon 0-0: Foul Ball, location: 2F
0-1: Ball
1-1: Ball
2-1: SINGLE (Groundball, 56D, EV 98.1 MPH)
James LeCuyer to third
Phil Wells to second
Runner from 3rd tries for Home, SAFE, throw by LF to home
Batting: RHB Isaac Fayman 0-0: DOUBLE (Flyball, 9LD, EV 100.0 MPH)
Phil Wells scores
Skylar Simon to third
Runner from 3rd tries for Home, SAFE, throw by RF to home
Batting: RHB Beck Wilson 0-0: Ball
1-0: Ground out 6-3 (Groundball, 6M, EV 104.4 MPH)
Top of the 4th over - 3 runs, 3 hits, 0 errors, 1 left on base; Gulfport HS 4 - Shawnee HS 0
BOTTOM OF THE 4TH
Shawnee HS Swamp Dogs batting - Pitching for Gulfport HS Admirals : RHP Billy Fatica
Batting: LHB Marcus Barnhill 0-0: Ball
1-0: Called Strike
1-1: Swinging Strike
1-2: SINGLE (Line Drive, 7S, EV 88.1 MPH)
Batting: RHB Jared Elwell 0-0: Ball
1-0: Ball
2-0: Fielders Choice at 2nd, 6-4 (Groundball, 6, EV 83.1 MPH)
Batting: RHB Doug Hardy 0-0: Ball
1-0: Ball
Jared Elwell is caught stealing 2nd base 2-4
2-0: Called Strike
2-1: Ball
3-1: Foul Ball, location: 2F
3-2: Ground out 5-3 (Groundball, 56S, EV 85.6 MPH)
Bottom of the 4th over - 0 runs, 1 hit, 0 errors, 0 left on base; Gulfport HS 4 - Shawnee HS 0
TOP OF THE 5TH
Gulfport HS Admirals batting - Pitching for Shawnee HS Swamp Dogs : LHP Dennis Berkley
Batting: RHB Cade Tucker 0-0: Ball
1-0: Called Strike
1-1: Called Strike
1-2: Ground out 5-3 (Groundball, 56S, EV 83.8 MPH)
Batting: RHB Preston Reiley 0-0: Ball
1-0: Foul Ball, location: 2F
1-1: Ball
2-1: Foul Ball, location: 2F
2-2: Foul Ball, location: 2F
2-2: SOLO HOME RUN (Flyball, 7D, EV 91.9 MPH), Distance : 358 ft
Pitching: RHP Johnathan McLaughlin
Batting: RHB Gregory Mays 0-0: Called Strike
0-1: Ball
1-1: Ball
2-1: Foul Ball, location: 2F
2-2: Ball
3-2: DOUBLE (Line Drive, 78M, EV 106.2 MPH)
Batting: RHB Skyler Gervais 0-0: Ball
1-0: Ball
2-0: Foul Ball, location: 2F
2-1: DOUBLE (Flyball, 78D, EV 100.0 MPH)
Gregory Mays scores
Batting: LHB James LeCuyer 0-0: Called Strike
0-1: Ball
1-1: Foul Ball, location: 2F
1-2: Ball
2-2: Ball
3-2: Foul Ball, location: 2F
3-2: Base on Balls
Batting: RHB Phil Wells 0-0: Called Strike
0-1: Ball
1-1: Swinging Strike
1-2: Foul Ball, location: 2F
1-2: Ball
2-2: Fly out, F9 (Line Drive, 9, EV 88.8 MPH)
Batting: RHB Skylar Simon 0-0: Swinging Strike
0-1: Ball
1-1: Foul Ball, location: 2F
1-2: Ball
2-2: Ball
3-2: Foul Ball, location: 2F
3-2: Fly out, F4 (Popup, 3D, EV 61.2 MPH)
Top of the 5th over - 2 runs, 3 hits, 0 errors, 2 left on base; Gulfport HS 6 - Shawnee HS 0
BOTTOM OF THE 5TH
Shawnee HS Swamp Dogs batting - Pitching for Gulfport HS Admirals : RHP Billy Fatica
Batting: RHB Conner Burson 0-0: Called Strike
0-1: Swinging Strike
0-2: SINGLE (Groundball, 6MD, EV 100.6 MPH)
Batting: RHB Nathaniel James 0-0: Foul Ball, location: 2F
0-1: Foul Ball, location: 2F
0-2: Fly out, F9 (Flyball, 89XD, EV 76.2 MPH)
Batting: LHB Erick Treadway 0-0: Ball
1-0: Foul Ball, location: 2F
1-1: Fly out, F7 (Flyball, 7, EV 83.1 MPH)
Batting: RHB Jeremy Tillman 0-0: Ball
1-0: Called Strike
1-1: Foul Ball, location: 2F
1-2: Ball
2-2: Ground out 2-3 (Groundball, 13S, EV 74.4 MPH)
Bottom of the 5th over - 0 runs, 1 hit, 0 errors, 1 left on base; Gulfport HS 6 - Shawnee HS 0
TOP OF THE 6TH
Gulfport HS Admirals batting - Pitching for Shawnee HS Swamp Dogs : RHP Johnathan McLaughlin
Batting: RHB Isaac Fayman 0-0: Called Strike
0-1: Ball
1-1: SINGLE (Groundball, 6MD, EV 94.4 MPH)
Batting: RHB Beck Wilson 0-0: Ball
1-0: Ball
2-0: Swinging Strike
2-1: Swinging Strike
2-2: Strikes out swinging
Batting: RHB Cade Tucker 0-0: Ball
1-0: Ball
2-0: Ball
3-0: Called Strike
3-1: DOUBLE (Line Drive, 7LD, EV 104.4 MPH)
Isaac Fayman to third
Runner from 3rd tries for Home, SAFE, throw by LF to home
Pitching: RHP Edward Curtiss
Batting: RHB Preston Reiley 0-0: Called Strike
0-1: Foul Ball, location: 2F
0-2: Fly out, F8 (Flyball, 8RS, EV 86.9 MPH)
Batting: RHB Gregory Mays 0-0: Ball
1-0: Foul Ball, location: 2F
1-1: Ball
2-1: Foul Ball, location: 2F
2-2: Ball
3-2: Fly out, F8 (Line Drive, 8RM, EV 101.2 MPH)
Top of the 6th over - 1 run, 2 hits, 0 errors, 1 left on base; Gulfport HS 7 - Shawnee HS 0
BOTTOM OF THE 6TH
Shawnee HS Swamp Dogs batting - Pitching for Gulfport HS Admirals : RHP Billy Fatica
Batting: RHB Jake Gage 0-0: SINGLE (Line Drive, 8RS, EV 110.6 MPH)
Batting: RHB Clark Martin 0-0: Ball
1-0: Ball
2-0: Called Strike
Jake Gage steals 2nd base
2-1: SINGLE (Line Drive, 8LS, EV 86.9 MPH)
Jake Gage to third
Runner from 3rd tries for Home, SAFE, throw by CF to home
Clark Martin to second
Batting: LHB Marcus Barnhill 0-0: Ball
1-0: Swinging Strike
1-1: Called Strike
1-2: Fly out, F4 (Popup, 4M, EV 66.2 MPH)
Batting: RHB Jared Elwell 0-0: Called Strike
0-1: Fly out, F4 (Popup, 4MD, EV 55.0 MPH)
Batting: RHB Doug Hardy 0-0: Ball
1-0: Ball
2-0: Ball
3-0: Called Strike
3-1: Called Strike
3-2: Base on Balls
Pitching: LHP Alvin Koppes
Batting: RHB Conner Burson 0-0: Ball
1-0: Fielders Choice at 2nd, 5-4 (Groundball, 5, EV 83.1 MPH)
Bottom of the 6th over - 1 run, 2 hits, 0 errors, 2 left on base; Gulfport HS 7 - Shawnee HS 1
TOP OF THE 7TH
Gulfport HS Admirals batting - Pitching for Shawnee HS Swamp Dogs : RHP Edward Curtiss
Batting: RHB Skyler Gervais 0-0: Ball
1-0: SINGLE (Line Drive, 9LS, EV 98.1 MPH)
Batting: LHB James LeCuyer 0-0: Called Strike
0-1: Ball
1-1: Called Strike
1-2: Foul Ball, location: 2F
1-2: Strikes out swinging
Batting: RHB Phil Wells 0-0: Swinging Strike
0-1: Ball
1-1: Swinging Strike
1-2: Foul Ball, location: 2F
1-2: DOUBLE (Flyball, 8RXD, EV 107.5 MPH)
Skyler Gervais to third
Runner from 3rd tries for Home, SAFE, throw by CF to home
Batting: RHB Skylar Simon 0-0: Ball
1-0: Ball
2-0: Foul Ball, location: 2F
2-1: Ground out U3 (Groundball, 13, EV 81.2 MPH)
Phil Wells to third
Batting: RHB Isaac Fayman 0-0: Ball
1-0: Foul Ball, location: 2F
1-1: Fly out, F8 (Flyball, 8LD, EV 101.9 MPH)
Top of the 7th over - 1 run, 2 hits, 0 errors, 1 left on base; Gulfport HS 8 - Shawnee HS 1
BOTTOM OF THE 7TH
Shawnee HS Swamp Dogs batting - Pitching for Gulfport HS Admirals : LHP Alvin Koppes
Pinch Hitting: RHB Abel Ochoa 0-0: Ball
1-0: Ball
2-0: Ball
3-0: Called Strike
3-1: Base on Balls
Batting: LHB Erick Treadway 0-0: SINGLE (Flyball, 3D, EV 96.2 MPH)
Abel Ochoa to second
Batting: RHB Jeremy Tillman 0-0: SINGLE (Flyball, 7LS, EV 93.1 MPH)
Abel Ochoa to third
Erick Treadway to second
Pinch Hitting: RHB Trevin Flores 0-0: Ball
1-0: Called Strike
1-1: Hit by Pitch
Abel Ochoa scores
Erick Treadway to third
Jeremy Tillman to second
Batting: RHB Clark Martin 0-0: Ball
1-0: Foul Ball, location: 2F
1-1: Foul Ball, location: 2F
1-2: Ball
2-2: Ball
3-2: Strikes out swinging
Batting: LHB Marcus Barnhill 0-0: Ball
1-0: Ball
2-0: Called Strike
2-1: Swinging Strike
2-2: Foul Ball, location: 2F
2-2: Strikes out looking
Batting: RHB Jared Elwell 0-0: Ground out 5-3 (Groundball, 5S, EV 87.5 MPH)
Bottom of the 7th over - 1 run, 2 hits, 0 errors, 3 left on base; Gulfport HS 8 - Shawnee HS 2
TOP OF THE 8TH
Gulfport HS Admirals batting - Pitching for Shawnee HS Swamp Dogs : RHP Edward Curtiss
Now at 1B: Kyle Almeter
Now at SS: Asa Shipley
Batting: RHB Beck Wilson 0-0: Ball
1-0: Ball
2-0: Called Strike
2-1: Ball
3-1: Base on Balls
Batting: RHB Cade Tucker 0-0: Called Strike
0-1: Foul Ball, location: 2F
0-2: Ball
1-2: Ball
2-2: Strikes out swinging
Batting: RHB Preston Reiley 0-0: Ball
1-0: Ball
2-0: Called Strike
2-1: SINGLE (Line Drive, 78S, EV 110.6 MPH)
Beck Wilson to second
Pitching: RHP Ebenezer Moreno
Batting: RHB Gregory Mays 0-0: Called Strike
0-1: Ball
1-1: Grounds into double play, 4-6-3 (Groundball, 34, EV 108.8 MPH)
Top of the 8th over - 0 runs, 1 hit, 0 errors, 1 left on base; Gulfport HS 8 - Shawnee HS 2
BOTTOM OF THE 8TH
Shawnee HS Swamp Dogs batting - Pitching for Gulfport HS Admirals : LHP Alvin Koppes
Batting: RHB Doug Hardy 0-0: Ball
1-0: Called Strike
1-1: Foul Ball, location: 2F
1-2: Ball
2-2: Ball
3-2: Foul Ball, location: 2F
3-2: Foul Ball, location: 2F
3-2: Base on Balls
Batting: RHB Conner Burson 0-0: Called Strike
0-1: Ball
1-1: Ball
2-1: Ball
3-1: Foul Ball, location: 2F
3-2: Base on Balls
Doug Hardy to second
Batting: LHB Kyle Almeter 0-0: Ball
1-0: Ball
2-0: Called Strike
2-1: Foul Ball, location: 2F
2-2: Fly out, F9 (Flyball, 9, EV 98.8 MPH)
Batting: LHB Erick Treadway 0-0: 3-RUN HOME RUN (Flyball, 7LD, EV 93.1 MPH), Distance : 335 ft
Pitching: RHP Steven Urban
Batting: RHB Jeremy Tillman 0-0: Foul Ball, location: 2F
0-1: Foul Ball, location: 2F
0-2: Strikes out looking
Batting: RHB Asa Shipley 0-0: Ball
1-0: Foul Ball, location: 2F
1-1: Foul Ball, location: 2F
1-2: SINGLE (Flyball, 6MD, EV 91.2 MPH)
Batting: RHB Clark Martin 0-0: Swinging Strike
0-1: Ball
1-1: Called Strike
1-2: Fly out, F7 (Flyball, 7LD, EV 96.9 MPH)
Bottom of the 8th over - 3 runs, 2 hits, 0 errors, 1 left on base; Gulfport HS 8 - Shawnee HS 5
TOP OF THE 9TH
Gulfport HS Admirals batting - Pitching for Shawnee HS Swamp Dogs : RHP Ebenezer Moreno
Batting: RHB Skyler Gervais 0-0: Called Strike
0-1: Fly out, F8 (Flyball, 8LXD, EV 101.9 MPH)
Batting: LHB James LeCuyer 0-0: Called Strike
0-1: Foul Ball, location: 2F
0-2: Strikes out swinging
Batting: RHB Phil Wells 0-0: Called Strike
0-1: Fly out, F7 (Flyball, 7D, EV 94.4 MPH)
Top of the 9th over - 0 runs, 0 hits, 0 errors, 0 left on base; Gulfport HS 8 - Shawnee HS 5
BOTTOM OF THE 9TH
Shawnee HS Swamp Dogs batting - Pitching for Gulfport HS Admirals : RHP Steven Urban
Pitching: RHP Johnathan Burke
Now in RF: Collin Coleman
Batting: LHB Marcus Barnhill 0-0: Ball
1-0: Ball
2-0: Ball
3-0: Base on Balls
Batting: RHB Jared Elwell 0-0: Called Strike
0-1: Grounds into double play, 6-4-3 (Groundball, 6M, EV 80.6 MPH)
Batting: RHB Doug Hardy 0-0: Ball
1-0: Ball
2-0: Ball
3-0: Called Strike
3-1: Foul Ball, location: 2F
3-2: SINGLE (Groundball, 6MD, EV 100.0 MPH)
Batting: RHB Conner Burson 0-0: Ball
1-0: Foul Ball, location: 2F
1-1: Swinging Strike
1-2: Strikes out swinging
Bottom of the 9th over - 0 runs, 1 hit, 0 errors, 1 left on base; Gulfport HS 8 - Shawnee HS 5
Wednesday, April 17th , 2024 - OOTP Baseball 23.10 Build 110